 Dungeon Crawl Stone Soup version 0.27.1-35-g4d5d836560 (webtiles) character file.

Game seed: 9145673145624955562

7 Delamore the Sneak (level 2, 0/19 HPs)
             Began as an Octopode Brigand on Apr 12, 2022.
             Slain by a rat (1 damage)
             ... on level 1 of the Dungeon.
             The game lasted 00:00:15 (148 turns).

Delamore the Sneak (Octopode Brigand)                Turns: 148, Time: 00:00:16

Health: 0/19       AC:  1    Str: 10    XL:     2   Next: 0%
Magic:  2/2        EV: 12    Int: 13    God:
Gold:   27         SH:  0    Dex: 13    Spells: 1/1 levels left

rFire    . . .     SeeInvis .   a - +2 dagger
rCold    . . .     Faith    .   (no shield)
rNeg     . . .     Spirit   .   (helmet restricted)
rPois    .         Reflect  .   (no amulet)
rElec    .         Harm     .   (no ring)
rCorr    .         Rampage  .   (no ring)
Will     .....                  (no ring)
Stlth    ++++......             (no ring)
HPRegen  0.06/turn              (no ring)
MPRegen  0.08/turn              (no ring)
                                (no ring)
                                (no ring)

@: no status effects
A: almost no armour, amphibious, 8 rings, camouflage 1, gelatinous body 1,
(nimble swimmer 1), tentacles
a: no special abilities


You were on level 1 of the Dungeon.
You visited 1 branch of the dungeon, and saw 1 of its levels.

You collected 27 gold pieces.

Inventory:

Hand Weapons
 a - a +2 dagger (weapon)
Missiles
 b - 8 poisoned darts (quivered)
 c - 2 curare-tipped darts
Potions
 d - a potion of brilliance {unknown}
 e - a potion of haste {unknown}


   Skills:
 - Level 2.0 Fighting
 * Level 2.4 Short Blades
 - Level 2.0 Throwing
 - Level 1.0 Dodging
 + Level 5.5 Stealth


You had one spell level left.
You didn't know any spells.
Your spell library was empty.

Dungeon Overview and Level Annotations

Branches:
Dungeon (1/15)

Altars:


Innate Abilities, Weirdness & Mutations

You cannot wear most types of armour.
You are amphibious.
You can wear up to eight rings at the same time.
Your skin changes colour to match your surroundings (Stealth+).
Your rubbery body absorbs attacks. (AC +1, EV +1)
((You are camouflaged near water. (Stealth+)))
You have tentacles for arms and can constrict up to eight enemies at once.


Message History

You kill the hobgoblin!
A bat comes into view.
The bat hits you.
You hit the bat.
You kill the bat!
The bat closely misses you.
You closely miss the bat. Your grab misses the bat.
The bat hits you but does no damage.
There are monsters nearby!
There are monsters nearby!
You closely miss the frilled lizard. Your grab misses the frilled lizard.
The goblin hits you with a +0 dagger.
You are too injured to fight recklessly!
You are too injured to fight recklessly!
You are too injured to fight recklessly!
You are too injured to fight recklessly!
You are too injured to fight recklessly!
You are too injured to fight recklessly!
You are too injured to fight recklessly!
You are too injured to fight recklessly!
You are too injured to fight recklessly!
The goblin misses you.
You miss the frilled lizard. Your grab misses the frilled lizard.
The frilled lizard closely misses you.
You miss the frilled lizard. You grab the frilled lizard.
You constrict the frilled lizard. The frilled lizard bites you.
You barely miss the frilled lizard. Your squeeze misses the frilled lizard.
The frilled lizard is heavily wounded.
You constrict the frilled lizard.
You kill the frilled lizard!
The bat hits you. The goblin hits you with a +0 dagger.
* * * LOW HITPOINT WARNING * * *
You have reached level 2!
You closely miss the goblin. Your grab misses the goblin.
The bat barely misses you. The rat bites you.
* * * LOW HITPOINT WARNING * * *
The goblin hits you but does no damage.
You miss the goblin. Your grab misses the goblin. The bat barely misses you.
The rat bites you.
You die...

...... ... ....... ...
..#.... ..#
.....#.####..#.#
.........##..#P# #_...
≈≈...#.?.....#.#P#....
≈......[.##g.#.#.##..#
.........b@..P#.#..^.#
.##.#.#†.##r...#.##..##
...........#...#P....#
##.#.#..........##...#
# #.##.####.#$......# #
#.# #.####.##.# .>. ...
...##.# #.#.
##.#######.# # .# # ..#
#.#####


You could see a goblin, a bat and a rat.

Vanquished Creatures
  2 endoplasms (D:1)
  A hobgoblin (D:1)
  A ball python (D:1)
  A bat (D:1)
  A frilled lizard (D:1)
  A kobold (D:1)
7 creatures vanquished.

Notes
Turn   | Place    | Note
-------+----------+-------------------------------------------
     0 | D:1      | Delamore the Octopode Brigand began the quest for the Orb.
     0 | D:1      | Reached XP level 1. HP: 14/14 MP: 1/1
   118 | D:1      | Found a faded altar of an unknown god.
   147 | D:1      | Reached XP level 2. HP: 2/19 MP: 2/2
   148 | D:1      | Slain by a rat

Illustrated notes

Levels and vault maps discovered:
D:1:      amcnicky_arrival_single_pillar, layout_loops_ring,
          shapermc_ecumenical_altar_rom_forum, st_stairs_9, serial_bayou_pond_c,
          chequers_serial_rivers_micro_e, nrook_campfire,
          chequers_serial_rivers_small_a

Action                   || total
-------------------------++-------
Melee: Dagger            ||    15
       Constrict         ||     1
       Tentacles         ||     1
 Stab: Sleeping          ||     4
Armor: Skin              ||     3
Dodge: Dodged            ||     9
